 Dungeon Crawl Stone Soup version 0.28.0-49-g6dfe1f597d (webtiles) character file.

Game seed: 2249262406831808244

180 GigaChad the Covered (level 5, -3/47 HPs)
             Began as a Minotaur Fighter on May 12, 2022.
             Was an Initiate of Nemelex Xobeh.
             Slain by Duvessa
             ... wielding a +0 short sword
              (9 damage)
             ... on level 4 of the Dungeon.
             The game lasted 00:06:33 (2837 turns).

GigaChad the Covered (Minotaur Fighter)             Turns: 2837, Time: 00:06:33

Health: -3/47      AC:  8    Str: 20    XL:     5   Next: 33%
Magic:  4/4        EV:  9    Int:  5    God:    Nemelex Xobeh [......]
Gold:   54         SH:  5    Dex: 12    Spells: 4/4 levels left

rFire   . . .      SeeInvis .   a - +0 long sword
rCold   . . .      Faith    .   c - +0 buckler
rNeg    . . .      Spirit   .   b - +0 scale mail
rPois   .          Reflect  .   (helmet restricted)
rElec   .          Harm     .   (no cloak)
rCorr   .          Rampage  .   (no gloves)
Will    .....                   m - +0 pair of boots
Stlth   ..........              (no amulet)
HPRegen 0.15/turn               (no ring)
MPRegen 0.09/turn               (no ring)

@: no status effects
A: horns 2, retaliatory headbutt
a: Renounce Religion, Draw Escape, Draw Destruction, Draw Summoning


You were on level 4 of the Dungeon.
You worshipped Nemelex Xobeh.
Nemelex Xobeh was noncommittal.
You visited 1 branch of the dungeon, and saw 4 of its levels.

You collected 54 gold pieces.

Inventory:

Hand Weapons
 a - a +0 long sword (weapon)
Missiles
 g - 3 poisoned darts (quivered)
 o - a throwing net
Armour
 b - a +0 scale mail (worn)
 c - a +0 buckler (worn)
 m - a +0 pair of boots (worn)
Magical Staves
 j - a staff of death
 l - a staff of death
Jewellery
 f - a ring of positive energy
Scrolls
 h - a scroll of identify
 i - a scroll of silence
 k - a scroll of magic mapping {unknown}
 n - 2 scrolls of teleportation {unknown}
Potions
 d - a potion of might
 e - a potion of invisibility {unknown}


   Skills:
 + Level 4.7 Fighting
 + Level 3.5 Long Blades
 + Level 5.0 Armour
 + Level 1.2 Dodging
 + Level 4.7 Shields


You had 4 spell levels left.
You didn't know any spells.
Your spell library was empty.

Dungeon Overview and Level Annotations

Branches:
Dungeon (4/15)
 Temple: D:4-7

Altars:
Dithmenos
Elyvilon
Nemelex Xobeh
Sif Muna

Annotations:
D:4 Dowan, Duvessa


Innate Abilities, Weirdness & Mutations

You have a pair of horns on your head.
You reflexively headbutt those who attack you in melee.


Message History

Duvessa and Dowan come into view.
Duvessa shouts!
Dowan shouts!
Found a flail.
Dowan casts a spell at Duvessa.
Duvessa seems to speed up.
There is an open door here.
Found a chain mail.
Duvessa hits you with a +0 short sword.
You closely miss Dowan.
Duvessa drinks a potion.
Duvessa seems to grow stronger.
Dowan hits you with a +0 dagger. Duvessa hits you with a +0 short sword.
You closely miss Dowan. You headbutt Dowan, but do no damage.
Duvessa hits you with a +0 short sword. Dowan barely misses you.
You furiously retaliate!
You headbutt Dowan! Duvessa hits you with a +0 short sword.
You hit Dowan. Your headbutt misses Dowan.
Dowan is moderately wounded.
Duvessa barely misses you. Dowan hits you but does no damage.
Duvessa hits you with a +0 short sword!
* * * LOW HITPOINT WARNING * * *
Dowan gestures wildly while chanting.
Dowan blinks!
Duvessa barely misses you.
There is an open door here.
You block Duvessa's attack.
You barely miss Duvessa. You headbutt Duvessa.
Duvessa is lightly wounded.
You block Duvessa's attack. x2
You closely miss Duvessa. You headbutt Duvessa, but do no damage.
Duvessa is lightly wounded.
Duvessa barely misses you. Duvessa hits you with a +0 short sword.
* * * LOW HITPOINT WARNING * * *
You slash Duvessa!
Duvessa is moderately wounded.
Duvessa barely misses you. Duvessa hits you with a +0 short sword.
* * * LOW HITPOINT WARNING * * *
You closely miss Duvessa.
Duvessa is moderately wounded.
Duvessa hits you but does no damage. Duvessa hits you with a +0 short sword!
You die...
Your body disappears without a glow.

# ######## ..###
#......# [....####
#......# ........#
#......#
........#####......#
...)....ee@.'.>....#
##......#####......#
#....... #.....##
#........ #.....#
#......... #.....#
#..........#.....#
#.......e.......##
#........#......#
......#


You could see Duvessa (fast, strong) and Dowan.

Vanquished Creatures
  An orc wizard (D:3)
  4 gnolls (D:3)
  2 adders
  A white imp (D:4)
  A worm (D:2)
  3 dart slugs (D:1)
  9 orcs
  5 endoplasms
  2 giant cockroaches (D:1)
  9 hobgoblins
  2 jackals (D:1)
  3 quokkas (D:1)
  4 ball pythons
  7 bats
  3 frilled lizards
  3 goblins
  9 kobolds
  4 rats
72 creatures vanquished.

Notes
Turn   | Place    | Note
-------+----------+-------------------------------------------
     0 | D:1      | GigaChad the Minotaur Fighter began the quest for the Orb.
     0 | D:1      | Reached XP level 1. HP: 19/19 MP: 0/0
   380 | D:1      | Reached XP level 2. HP: 24/27 MP: 1/1
   394 | D:1      | Reached skill level 4 in Armour
   411 | D:1      | Found a faded altar of an unknown god.
   679 | D:1      | Reached XP level 3. HP: 27/33 MP: 2/2
  1472 | D:2      | Reached XP level 4. HP: 40/40 MP: 3/3
  1550 | D:2      | Found a sparkling altar of Nemelex Xobeh.
  1566 | D:2      | Became a worshipper of Nemelex Xobeh the Trickster
  1891 | D:3      | Found a white marble altar of Elyvilon.
  1903 | D:3      | Reached skill level 1 in Dodging
  1935 | D:3      | Found a shimmering blue altar of Sif Muna.
  2706 | D:3      | Found a shadowy altar of Dithmenos.
  2714 | D:3      | Reached XP level 5. HP: 40/47 MP: 4/4
  2814 | D:4      | Reached skill level 5 in Armour
  2825 | D:4      | Noticed Duvessa
  2825 | D:4      | Noticed Dowan
  2837 | D:4      | Slain by Duvessa

Illustrated notes

Levels and vault maps discovered:
D:1:      zaba_arrival_water, layout_loops_ring, ebering_ecumenical_altar_hall,
          chequers_arboretum, minmay_tetromino_t4
D:2:      layout_basic, basic_altar, minmay_misc_feat_rows, grunt_ministairs_11
D:3:      layout_basic, lemuel_tele_altar, nicolae_dithmenos_the_darkroom,
          lemuel_doored_altar, chequers_garden
D:4:      layout_basic, nicolae_inconvenience_store, uniq_duvessa, uniq_pikel

Skill      XL: |  1  2  3  4  5 |
---------------+----------------+-----
Armour         | 4 5 |  5.0
Shields        | 4 |  4.7
Fighting       | 4 |  4.7
Long Blades    | 3 |  3.5
Dodging        | 1 |  1.2

Action                   |  1- 3 |  4- 6 || total
-------------------------+-------+-------++-------
Melee: Long sword        |    75 |    77 ||   152
       Headbutt          |     7 |     9 ||    16
Throw: Dart              |     2 |       ||     2
  Use: Scroll            |     1 |       ||     1
Armor: Scale mail        |    62 |    45 ||   107
Dodge: Dodged            |    47 |    52 ||    99
Block: Buckler           |    27 |    34 ||    61
